[Event "42nd Olympiad Baku 2016 Open"]
[Site "Baku"]
[Date "2016.09.06"]
[Round "5.28"]
[White "Shaker, Musab"]
[Black "Davila Blanco, Juan Jose"]
[Result "1/2-1/2"]
[ECO "D02"]
[WhiteElo "1726"]
[BlackElo "1904"]
[Annotator ""]
[PlyCount "101"]
[EventDate "2016.??.??"]
[EventType "team-tourn"]
[EventCountry "AZE"]
[SourceTitle "playchess.com"]
[Source "ChessBase"]
[WhiteTeam "Brunei"]
[BlackTeam "Puerto Rico"]
[WhiteTeamCountry "BRN"]
[BlackTeamCountry "PUR"]
[TimeControl "40/5400+30:1800+30"]

1. d4 {(00:00)} d5 {(00:00)} 2. Nf3 {(00:00)} Nf6 {
(00:00)} 3. Bf4 {(00:00)} c5 {(01:04)} 4. c3 {(01:
38)} Nc6 {(03:35)} 5. e3 {(01:16)} Qb6 {(00:37)} 6. Qb3 {
(01:14)} c4 {(00:30)} 7. Qc2 {(00:31)} Bf5 {(03:53]
} 8. Qc1 {(00:13)} e6 {(01:37)} 9. Be2 {(02:12)} Be7 {
(01:54)} 10. Nbd2 {(07:35)} h6 {(14:43)} 11. Bd1 {(
07:29)} O-O {(11:40)} 12. Bc2 {(04:25)} Qd8 {(09:47)} 13.
Qb1 {(06:29)} Qd7 {(05:23)} 14. e4 {(10:26)} Bh7 {(
05:14)} 15. e5 {(09:34)} Bxc2 {(00:44)} 16. Qxc2 {(00:03)}
Nh7 {(04:08)} 17. Nf1 {(06:35)} b5 {(03:10)} 18. Ne3 {
(02:29)} b4 {(01:14)} 19. Bg3 {(03:51)} bxc3 {(03:
00)} 20. bxc3 {(00:14)} Rfb8 {(00:54)} 21. Nd2 {(05:16)}
Ba3 {(04:04)} 22. Rb1 {(07:39)} Rxb1+ {(02:01)} 23. Nxb1 {
(00:22)} Be7 {(00:48)} 24. f4 {(03:43)} Rb8 {(02:
16)} 25. O-O {(06:36)} Qb7 {(01:29)} 26. f5 {(02:25)} Bg5
{(02:03)} 27. Bf2 {(05:56)} Qb2 {(00:49)} 28. Qa4 {
(01:32)} Qb5 {(01:59)} 29. Qc2 {(01:44)} Qa5 {(06:
42)} 30. h4 {(01:17)} Be7 {(02:19)} 31. f6 {(02:04)} gxf6
{(05:28)} 32. Ng4 {(00:30)} f5 {(00:44)} 33. Nxh6+ {
(00:10)} Kg7 {(00:26)} 34. Qd2 {(00:48)} Qd8 {(01:
25)} 35. g3 {(00:41)} a5 {(00:39)} 36. Qe3 {(00:23)} Rb2 {
(00:25)} 37. a3 {(00:34)} Ng5 {(01:11)} 38. hxg5 {(
00:28)} Bxg5 {(00:02)} 39. Nxf5+ {(00:05)} exf5 {(00:06)}
40. Qf3 {(00:00)} Qd7 {(00:00)} 41. Qh5 {(08:30)} Bh6 {
(02:18)} 42. Qf3 {(06:47)} Qb7 {(04:02)} 43. Qxf5 {
(01:34)} Ne7 {(03:47)} 44. Qf6+ {(07:00)} Kg8 {(01:
08)} 45. Qxh6 {(01:19)} Rxb1 {(00:09)} 46. Qg5+ {(01:44)}
Ng6 {(06:31)} 47. Qd8+ {(01:19)} Nf8 {(02:28)} 48. Qxa5 {
(00:41)} Rxf1+ {(00:41)} 49. Kxf1 {(00:02)} Qb1+ {(
00:29)} 50. Kg2 {(01:13)} Qe4+ {(00:08)} 51. Kh2 {(01:09)}
1/2-1/2

[Event "42nd Olympiad Baku 2016 Open"]
[Site "Baku"]
[Date "2016.09.06"]
[Round "5.34"]
[White "Shaw, John"]
[Black "Postny, Evgeny"]
[Result "1/2-1/2"]
[ECO "C47"]
[WhiteElo "2454"]
[BlackElo "2619"]
[Annotator ""]
[PlyCount "65"]
[EventDate "2016.??.??"]
[EventType "team-tourn"]
[EventCountry "AZE"]
[SourceTitle "playchess.com"]
[Source "ChessBase"]
[WhiteTeam "Scotland"]
[BlackTeam "Israel"]
[WhiteTeamCountry "SCO"]
[BlackTeamCountry "ISR"]
[TimeControl "40/5400+30:1800+30"]

1. e4 {(00:00)} e5 {(00:00)} 2. Nc3 {(00:00)} Nc6 {
(00:00)} 3. Nf3 {(04:12)} Nf6 {(00:06)} 4. d4 {(01:
43)} exd4 {(00:10)} 5. Nxd4 {(00:04)} Bb4 {(00:08)} 6.
Nxc6 {(00:16)} bxc6 {(00:07)} 7. Bd3 {(00:06)} O-O {
(00:20)} 8. O-O {(00:09)} d5 {(00:06)} 9. exd5 {(
00:09)} cxd5 {(00:07)} 10. h3 {(00:10)} Rb8 {(03:00)} 11.
Qf3 {(02:47)} Bd6 {(08:09)} 12. Nb5 {(19:49)} Be5 {
(08:17)} 13. Bf4 {(07:48)} Bxf4 {(01:13)} 14. Qxf4 {
(00:06)} Rb7 {(04:48)} 15. b3 {(08:22)} Bd7 {(04:
22)} 16. Nc3 {(02:30)} Be6 {(12:11)} 17. Na4 {(03:53)} Qe7
{(01:48)} 18. c4 {(06:57)} Rd8 {(06:46)} 19. cxd5 {
(04:17)} Nxd5 {(00:30)} 20. Qf3 {(01:56)} c5 {(09:
46)} 21. Bc4 {(01:49)} Rbd7 {(07:07)} 22. Rfe1 {(02:20)}
Nb6 {(07:08)} 23. Bxe6 {(06:30)} fxe6 {(00:06)} 24. Nxb6 {
(07:46)} axb6 {(00:06)} 25. Qe4 {(00:19)} Rd6 {(02:
05)} 26. Re2 {(01:23)} h6 {(12:05)} 27. Rae1 {(01:16)} Rf8
{(00:28)} 28. g3 {(01:52)} Rf6 {(02:09)} 29. Kg2 {(
01:31)} Qd7 {(00:46)} 30. Qa8+ {(06:14)} Rf8 {(00:40)} 31.
Qe4 {(00:16)} Rf6 {(00:34)} 32. Qa8+ {(00:53)} Rf8 {
(00:09)} 33. Qe4 {(00:08)} 1/2-1/2

[Event "42nd Olympiad Baku 2016 Open"]
[Site "Baku"]
[Date "2016.09.06"]
[Round "5.33"]
[White "Shengelia, David"]
[Black "Wong, Brian"]
[Result "1-0"]
[ECO "D71"]
[WhiteElo "2573"]
[BlackElo "2007"]
[Annotator ""]
[PlyCount "99"]
[EventDate "2016.??.??"]
[EventType "team-tourn"]
[EventCountry "AZE"]
[SourceTitle "playchess.com"]
[Source "ChessBase"]
[WhiteTeam "Austria"]
[BlackTeam "Hong Kong"]
[WhiteTeamCountry "AUT"]
[BlackTeamCountry "HKG"]
[TimeControl "40/5400+30:1800+30"]

1. d4 {(00:00)} Nf6 {(00:00)} 2. c4 {(00:00)} g6 {(
00:01)} 3. g3 {(00:09)} Bg7 {(00:34)} 4. Bg2 {(00:06)} d5
{(01:34)} 5. cxd5 {(00:17)} Nxd5 {(00:53)} 6. e4 {(
00:09)} Nb4 {(03:09)} 7. a3 {(05:39)} N4c6 {(01:05)} 8. d5
{(00:47)} Nd4 {(01:11)} 9. Nc3 {(00:42)} O-O {(01:
42)} 10. Be3 {(05:08)} c5 {(03:01)} 11. Nge2 {(00:07)} Bg4
{(04:11)} 12. h3 {(02:55)} Bf3 {(03:15)} 13. Bxf3 {
(06:35)} Nxf3+ {(00:04)} 14. Kf1 {(00:03)} Nd7 {(
02:02)} 15. Kg2 {(00:21)} Nfe5 {(01:21)} 16. b3 {(00:29)}
c4 {(12:15)} 17. f4 {(01:32)} Nd3 {(00:07)} 18. bxc4 {
(00:25)} N7c5 {(02:43)} 19. Qc2 {(01:06)} b5 {(15:
27)} 20. cxb5 {(07:21)} Rc8 {(03:41)} 21. e5 {(07:41)} f6
{(07:02)} 22. Rad1 {(05:28)} fxe5 {(01:22)} 23. Rxd3 {
(00:25)} exf4 {(00:48)} 24. Bxc5 {(01:54)} f3+ {(
02:01)} 25. Rxf3 {(03:43)} Rxf3 {(00:11)} 26. Kxf3 {(00:
11)} Rxc5 {(00:09)} 27. Rd1 {(02:01)} Qc8 {(03:29)} 28.
Qb3 {(09:05)} Bxc3 {(02:19)} 29. d6+ {(00:04)} Kg7 {
(05:55)} 30. d7 {(00:05)} Qb7+ {(04:19)} 31. Kf2 {(
01:45)} Qb6 {(06:11)} 32. Kg2 {(06:18)} Qb7+ {(00:17)} 33.
Kh2 {(03:55)} Qf3 {(01:37)} 34. Nf4 {(00:29)} Qf2+ {
(10:20)} 35. Ng2 {(00:09)} Ba5 {(00:08)} 36. d8=Q {
(00:59)} Bxd8 {(00:02)} 37. Rxd8 {(00:05)} Rc2 {(
00:54)} 38. Qg8+ {(03:29)} Kh6 {(00:02)} 39. Qf8+ {(00:17]
} Qxf8 {(00:09)} 40. Rxf8 {(00:00)} Ra2 {(00:00)} 41. Ra8
{(01:05)} Rxa3 {(04:14)} 42. b6 {(03:22)} Rb3 {(00:
08)} 43. bxa7 {(00:04)} Ra3 {(00:06)} 44. h4 {(00:04)} e5
{(00:40)} 45. Kh3 {(02:02)} e4 {(01:37)} 46. Kg4 {(
00:27)} Kg7 {(02:28)} 47. Kf4 {(00:16)} Kh6 {(00:40)} 48.
Ne3 {(00:20)} Kh5 {(00:18)} 49. Kxe4 {(00:17)} h6 {
(00:23)} 50. Kf3 {(00:37)} 1-0

[Event "42nd Olympiad Baku 2016 Open"]
[Site "Baku"]
[Date "2016.09.06"]
[Round "5.1"]
[White "Shirov, Alexei"]
[Black "Rapport, Richard"]
[Result "1-0"]
[ECO "C75"]
[WhiteElo "2673"]
[BlackElo "2752"]
[Annotator ""]
[PlyCount "43"]
[EventDate "2016.??.??"]
[EventType "team-tourn"]
[EventCountry "AZE"]
[SourceTitle "playchess.com"]
[Source "ChessBase"]
[WhiteTeam "Latvia"]
[BlackTeam "Hungary"]
[WhiteTeamCountry "LAT"]
[BlackTeamCountry "HUN"]
[TimeControl "40/5400+30:1800+30"]

1. e4 {(00:00)} e5 {(00:05)} 2. Nf3 {(00:00)} Nc6 {
(00:05)} 3. Bb5 {(00:00)} a6 {(00:09)} 4. Ba4 {(00:
00)} Nge7 {(00:05)} 5. c3 {(16:58)} d6 {(00:41)} 6. d4 {
(00:12)} Bd7 {(00:05)} 7. h4 {(14:04)} h6 {(04:28)}
8. h5 {(00:33)} Ng8 {(23:59)} 9. d5 {(05:03)} Nce7 {
(02:40)} 10. c4 {(00:18)} b5 {(01:03)} 11. Bc2 {(
09:29)} f5 {(03:33)} 12. Nh4 {(20:04)} f4 {(08:14)} 13. g3
{(02:40)} fxg3 {(02:02)} 14. f4 {(00:08)} Nf6 {(04:
29)} 15. fxe5 {(00:13)} Bg4 {(06:28)} 16. Qd3 {(03:13)}
Nxh5 {(00:41)} 17. e6 {(01:19)} Ng6 {(06:42)} 18. Nxg6 {
(04:35)} Qf6 {(00:56)} 19. Qf1 {(01:30)} Bf3 {(11:
48)} 20. Rg1 {(02:03)} Be7 {(00:12)} 21. Nxh8 {(09:03)}
Qd4 {(01:13)} 22. Rg2 {(00:16)} 1-0

[Event "42nd Olympiad Baku 2016 Open"]
[Site "Baku"]
[Date "2016.09.06"]
[Round "5.3"]
[White "Shishkov, Andrei"]
[Black "Kjartansson, Gudmundur"]
[Result "1-0"]
[ECO "E32"]
[WhiteElo "2368"]
[BlackElo "2442"]
[Annotator ""]
[PlyCount "92"]
[EventDate "2016.??.??"]
[EventType "team-tourn"]
[EventCountry "AZE"]
[SourceTitle "playchess.com"]
[Source "ChessBase"]
[WhiteTeam "Estonia"]
[BlackTeam "Iceland"]
[WhiteTeamCountry "EST"]
[BlackTeamCountry "ISL"]
[TimeControl "40/5400+30:1800+30"]

1. d4 {(00:00)} Nf6 {(00:00)} 2. c4 {(00:00)} e6 {(
00:00)} 3. Nc3 {(00:00)} Bb4 {(00:00)} 4. Qc2 {(00:00)} b6
{(00:17)} 5. e4 {(00:27)} c5 {(00:20)} 6. a3 {(00:
33)} Bxc3+ {(00:27)} 7. bxc3 {(00:04)} Bb7 {(00:40)} 8. e5
{(05:29)} Ng8 {(00:28)} 9. Nf3 {(00:57)} Bxf3 {(02:
57)} 10. gxf3 {(00:15)} Nc6 {(01:14)} 11. Be3 {(10:04)}
Nge7 {(01:03)} 12. Bd3 {(01:22)} Rc8 {(05:44)} 13. O-O {
(20:31)} cxd4 {(12:39)} 14. cxd4 {(00:25)} d6 {(03:
59)} 15. f4 {(10:16)} dxe5 {(04:10)} 16. dxe5 {(00:38)} g6
{(01:36)} 17. Rfd1 {(05:30)} Qc7 {(00:56)} 18. c5 {
(05:13)} Nd5 {(08:51)} 19. Rac1 {(02:20)} Nxe3 {(
12:44)} 20. fxe3 {(00:01)} O-O {(01:05)} 21. Ba6 {(06:31)}
Rcd8 {(12:48)} 22. Rd6 {(00:25)} Nb8 {(01:36)} 23. cxb6 {
(02:39)} Qxc2 {(05:37)} 24. Rxc2 {(00:01)} axb6 {(
01:04)} 25. Bb5 {(01:07)} Rxd6 {(01:29)} 26. exd6 {(01:08]
} Rd8 {(01:52)} 27. Rc7 {(01:13)} Kg7 {(01:54)} 28. Rb7 {
(00:26)} Kf6 {(00:18)} 29. a4 {(11:54)} e5 {(00:24]
} 30. Rxb6 {(00:33)} exf4 {(00:13)} 31. exf4 {(00:09)} Nd7
{(00:24)} 32. Ra6 {(07:38)} Nc5 {(01:06)} 33. Rc6 {
(00:20)} Nb7 {(01:52)} 34. d7+ {(01:16)} Ke7 {(00:
17)} 35. Rc7 {(03:43)} Nd6 {(00:20)} 36. Bc6 {(00:37)} Nc4
{(00:33)} 37. Kf2 {(00:53)} h6 {(05:10)} 38. Ke2 {(
02:36)} g5 {(00:05)} 39. Kd3 {(00:36)} Na5 {(00:10)} 40.
Bb5 {(00:00)} gxf4 {(00:00)} 41. Ke4 {(10:30)} Nb3 {
(04:46)} 42. Rc3 {(02:52)} f5+ {(03:47)} 43. Ke5 {(
01:21)} Nd2 {(01:26)} 44. Kxf4 {(00:47)} Ne4 {(00:30)} 45.
Rc8 {(02:00)} Nd6 {(00:21)} 46. Rxd8 {(00:44)} Kxd8 {
(00:04] Ke4} 1-0

[Event "42nd Olympiad Baku 2016 Open"]
[Site "Baku"]
[Date "2016.09.06"]
[Round "5.16"]
[White "Short, Nigel D"]
[Black "Dao, Thien Hai"]
[Result "1-0"]
[ECO "C42"]
[WhiteElo "2666"]
[BlackElo "2486"]
[Annotator ""]
[PlyCount "76"]
[EventDate "2016.??.??"]
[EventType "team-tourn"]
[EventCountry "AZE"]
[SourceTitle "playchess.com"]
[Source "ChessBase"]
[WhiteTeam "England"]
[BlackTeam "Vietnam"]
[WhiteTeamCountry "ENG"]
[BlackTeamCountry "VIE"]
[TimeControl "40/5400+30:1800+30"]

1. e4 {(00:00)} e5 {(00:09)} 2. Nf3 {(00:02)} Nf6 {
(00:05)} 3. Nxe5 {(00:43)} d6 {(00:05)} 4. Nf3 {(
00:19)} Nxe4 {(00:05)} 5. Bd3 {(02:18)} Nf6 {(04:44)} 6.
c3 {(01:14)} Be7 {(01:31)} 7. Bc2 {(00:22)} O-O {(
01:15)} 8. d4 {(00:06)} Bg4 {(12:53)} 9. O-O {(01:40)} c5
{(01:32)} 10. h3 {(04:56)} Bh5 {(01:17)} 11. Re1 {(
01:26)} Nc6 {(02:28)} 12. g4 {(02:21)} Bg6 {(00:36)} 13.
Bxg6 {(00:21)} hxg6 {(00:41)} 14. d5 {(02:24)} Ne5 {
(02:04)} 15. Bf4 {(03:49)} Qd7 {(18:29)} 16. Bxe5 {
(19:32)} dxe5 {(00:16)} 17. Nxe5 {(02:31)} Qxd5 {(
00:14)} 18. Na3 {(00:06)} Rad8 {(20:08)} 19. Qa4 {(10:33)}
Nh7 {(13:41)} 20. Rad1 {(05:05)} Qxa2 {(00:39)} 21. Nd7 {
(01:05)} Rfe8 {(04:18)} 22. Qb5 {(14:20)} Ng5 {(02:
30)} 23. Qxb7 {(02:00)} Bf8 {(08:55)} 24. Kg2 {(03:20)}
Ne6 {(00:48)} 25. Ra1 {(03:23)} Nf4+ {(01:00)} 26. Kf3 {
(00:14)} Qd5+ {(00:37)} 27. Qxd5 {(00:09)} Nxd5 {(
00:03)} 28. Rxe8 {(00:05)} Rxe8 {(00:05)} 29. Nc4 {(00:23]
} Nc7 {(02:28)} 30. Rxa7 {(00:30)} Ne6 {(00:04)} 31. Nxf8
{(05:25)} Nxf8 {(01:19)} 32. h4 {(00:16)} Rb8 {(00:
08)} 33. g5 {(01:37)} Ne6 {(00:17)} 34. Ke4 {(01:45)} Rd8
{(00:11)} 35. Ne5 {(00:55)} f6 {(01:08)} 36. gxf6 {
(00:35)} gxf6 {(00:04)} 37. Nxg6 {(00:25)} Rd2 {(
00:06)} 38. f4 {(00:54)} Rxb2 {(00:30)} 1-0

[Event "42nd Olympiad Baku 2016 Open"]
[Site "Baku"]
[Date "2016.09.06"]
[Round "5.12"]
[White "Shrestha, Bilam Lal"]
[Black "Vella, Duncan"]
[Result "1-0"]
[ECO "B70"]
[WhiteElo "2017"]
[BlackElo "2017"]
[Annotator ""]
[PlyCount "111"]
[EventDate "2016.??.??"]
[EventType "team-tourn"]
[EventCountry "AZE"]
[SourceTitle "playchess.com"]
[Source "ChessBase"]
[WhiteTeam "Nepal"]
[BlackTeam "Malta"]
[WhiteTeamCountry "NEP"]
[BlackTeamCountry "MLT"]
[TimeControl "40/5400+30:1800+30"]

1. e4 {(00:00)} c5 {(00:00)} 2. Nf3 {(00:03)} d6 {(
00:00)} 3. d4 {(03:26)} cxd4 {(00:00)} 4. Nxd4 {(00:02)}
Nf6 {(00:10)} 5. Nc3 {(00:26)} g6 {(00:18)} 6. Be2 {
(00:48)} Bg7 {(01:07)} 7. O-O {(00:20)} a6 {(01:44]
} 8. a4 {(00:33)} O-O {(03:35)} 9. Be3 {(00:49)} b6 {
(02:44)} 10. Qd2 {(01:28)} Bb7 {(01:03)} 11. f3 {(
00:33)} Re8 {(00:55)} 12. Rfd1 {(00:21)} Nbd7 {(04:46)}
13. Nb3 {(02:29)} Rc8 {(04:24)} 14. Qe1 {(01:32)} Qc7 {
(11:48)} 15. Qf1 {(01:00)} Nb8 {(08:49)} 16. Qf2 {(
00:49)} Nfd7 {(02:02)} 17. Bd4 {(01:04)} Bxd4 {(04:51)}
18. Nxd4 {(01:14)} Nc6 {(02:33)} 19. Nd5 {(01:34)} Qd8 {
(01:37)} 20. Nxc6 {(02:57)} Rxc6 {(02:36)} 21. Nb4 {
(00:46)} Rc7 {(02:41)} 22. Bxa6 {(00:46)} Bxa6 {(
10:26)} 23. Nxa6 {(00:12)} Ra7 {(00:33)} 24. Nb4 {(00:10)}
Qa8 {(00:10)} 25. Ra3 {(19:55)} Rxa4 {(03:59)} 26. Rda1 {
(01:09)} Rxa3 {(03:53)} 27. Rxa3 {(00:10)} Qb7 {(
00:25)} 28. Qd4 {(03:36)} Qc7 {(12:21)} 29. Nd5 {(01:25)}
Qxc2 {(03:59)} 30. Nxe7+ {(00:50)} Kf8 {(00:06)} 31. Nd5 {
(01:09)} Qc5 {(01:37)} 32. Qxc5 {(00:58)} dxc5 {(
01:34)} 33. Ra7 {(00:37)} Ne5 {(03:16)} 34. Rb7 {(05:14)}
Ra8 {(02:42)} 35. Rxb6 {(00:49)} Nd3 {(01:07)} 36. g4 {
(01:24)} Ra1+ {(00:33)} 37. Kg2 {(00:05)} Ra2 {(00:
49)} 38. Rb8+ {(00:36)} Kg7 {(00:05)} 39. g5 {(01:28)}
Rxb2+ {(00:28)} 40. Rxb2 {(00:00)} Nxb2 {(00:32)} 41. Kf2
{(00:26)} h5 {(11:52)} 42. Ke2 {(03:43)} Nc4 {(01:
38)} 43. f4 {(00:42)} Nd6 {(02:59)} 44. Kd3 {(00:34)} h4 {
(02:16)} 45. Ne3 {(02:26)} f6 {(02:01)} 46. gxf6+ {
(00:18)} Kf7 {(02:48)} 47. e5 {(00:32)} Nb5 {(01:
00)} 48. h3 {(02:07)} Nd4 {(01:43)} 49. Ng2 {(00:31)} Ne6
{(00:36)} 50. Ke3 {(01:18)} g5 {(01:59)} 51. fxg5 {
(03:15)} Nxg5 {(00:21)} 52. Nf4 {(00:14)} c4 {(01:
28)} 53. Kd4 {(01:41)} Nf3+ {(01:03)} 54. Ke4 {(00:28)}
Nd2+ {(01:49)} 55. Kf5 {(00:24)} Kg8 {(05:24)} 56. Kg6 {
(01:09)} 1-0

[Event "42nd Olympiad Baku 2016 Open"]
[Site "Baku"]
[Date "2016.09.06"]
[Round "5.15"]
[White "Sikivou, Taione"]
[Black "Pierre, Jn Claude"]
[Result "1-0"]
[ECO "C48"]
[WhiteElo "1812"]
[BlackElo "1912"]
[Annotator ""]
[PlyCount "139"]
[EventDate "2016.??.??"]
[EventType "team-tourn"]
[EventCountry "AZE"]
[SourceTitle "playchess.com"]
[Source "ChessBase"]
[WhiteTeam "Fiji"]
[BlackTeam "Haiti"]
[WhiteTeamCountry "FIJ"]
[BlackTeamCountry "HAI"]
[TimeControl "40/5400+30:1800+30"]

1. e4 {(00:00)} Nf6 {(00:00)} 2. Nc3 {(00:31)} e5 {
(03:02)} 3. Nf3 {(01:46)} Nc6 {(01:39)} 4. Bb5 {(
01:56)} d6 {(03:50)} 5. d4 {(02:05)} exd4 {(00:29)} 6.
Nxd4 {(00:03)} Bd7 {(00:11)} 7. O-O {(01:11)} Be7 {
(00:10)} 8. Bg5 {(05:00)} O-O {(00:17)} 9. h3 {(01:
26)} Re8 {(00:46)} 10. Re1 {(00:42)} h6 {(00:49)} 11. Bh4
{(00:28)} a6 {(00:35)} 12. Nxc6 {(02:15)} bxc6 {(
00:58)} 13. Bc4 {(00:38)} Nh7 {(06:41)} 14. Bxe7 {(03:42)}
Qxe7 {(00:34)} 15. Qd3 {(06:06)} a5 {(01:26)} 16. Rad1 {
(01:23)} Qh4 {(01:14)} 17. f4 {(15:05)} Rab8 {(03:
45)} 18. Bb3 {(00:59)} Nf6 {(01:59)} 19. Rf1 {(09:58)} Re7
{(06:55)} 20. Rde1 {(05:06)} Nh5 {(01:01)} 21. Qf3 {
(11:38)} Rbe8 {(12:08)} 22. Kh2 {(07:01)} Kh8 {(04:
54)} 23. g4 {(03:38)} Nf6 {(01:20)} 24. Kg2 {(04:25)} c5 {
(04:01)} 25. Nd5 {(02:13)} Nxd5 {(03:05)} 26. Bxd5 {
(00:25)} Bb5 {(00:40)} 27. c4 {(02:55)} Bd7 {(00:
16)} 28. e5 {(00:17)} f6 {(00:58)} 29. Re2 {(02:14)} dxe5
{(05:29)} 30. Rfe1 {(01:20)} f5 {(01:07)} 31. gxf5 {
(01:12)} Qf6 {(02:09)} 32. fxe5 {(01:30)} Rxe5 {(
00:11)} 33. Rxe5 {(00:40)} Rxe5 {(00:04)} 34. Rxe5 {(00:
43)} Qxe5 {(00:06)} 35. Be6 {(04:18)} Qxb2+ {(11:04)} 36.
Kg3 {(00:33)} Qe5+ {(00:16)} 37. Qf4 {(00:20)} Qxf4+ {
(00:14)} 38. Kxf4 {(00:03)} Be8 {(00:07)} 39. Ke5 {
(00:25)} Kh7 {(00:28)} 40. h4 {(00:00)} g5 {(00:00]
} 41. Kf6 {(08:11)} g4 {(01:39)} 42. Bd5 {(04:33)} Bd7 {
(00:19)} 43. Be4 {(00:11)} Be8 {(03:27)} 44. Ke7 {(
01:04)} Bh5 45. f6+ Kg8 {(01:06)} 46. Bd5+ {(00:12)} Kh7 {
(00:15)} 47. f7 {(00:20)} Bxf7 {(00:27)} 48. Kxf7 {
(00:06)} h5 {(00:25)} 49. Be4+ {(01:31)} Kh6 {(00:
18)} 50. Kf6 {(00:05)} a4 {(00:30)} 51. a3 {(00:15)} g3 {
(00:13)} 52. Bg2 {(00:09)} Kh7 {(00:25)} 53. Kg5 {(
00:04)} Kg7 {(00:03)} 54. Kxh5 {(00:20)} Kf6 {(00:02)} 55.
Kg4 {(00:25)} Ke5 {(00:16)} 56. h5 {(00:19)} Kd4 {(
00:01)} 57. h6 {(00:47)} Kxc4 {(00:02)} 58. h7 {(00:11)}
Kb3 {(00:03)} 59. h8=Q {(00:18)} c4 {(00:06)} 60. Qa1 {
(01:09)} c3 {(00:18)} 61. Qc1 {(00:41)} c5 {(00:16]
} 62. Kxg3 {(01:08)} c4 {(00:09)} 63. Kf2 {(02:21)} c2 {
(00:48)} 64. Ke2 {(01:10)} Kc3 {(00:11)} 65. Be4 {(
00:35)} Kb3 {(00:20)} 66. Bxc2+ {(00:03)} Ka2 {(00:04)}
67. Bxa4 {(02:05)} c3 {(01:04)} 68. Qxc3 {(01:03)} Kb1 {
(00:15)} 69. Bc2+ {(01:19)} Kc1 {(00:17)} 70. Bd3# {
(00:17)} 1-0

[Event "42nd Olympiad Baku 2016 Open"]
[Site "Baku"]
[Date "2016.09.06"]
[Round "5.9"]
[White "Smerdon, David C"]
[Black "Mehmeti, Dritan"]
[Result "1/2-1/2"]
[ECO "B12"]
[WhiteElo "2531"]
[BlackElo "2415"]
[Annotator ""]
[PlyCount "95"]
[EventDate "2016.??.??"]
[EventType "team-tourn"]
[EventCountry "AZE"]
[SourceTitle "playchess.com"]
[Source "ChessBase"]
[WhiteTeam "Australia"]
[BlackTeam "Albania"]
[WhiteTeamCountry "AUS"]
[BlackTeamCountry "ALB"]
[TimeControl "40/5400+30:1800+30"]

1. e4 {(00:00)} c6 {(00:00)} 2. d4 {(00:00)} d5 {(
00:06)} 3. e5 {(00:05)} Bf5 {(01:25)} 4. h4 {(01:05)} h6 {
(01:15)} 5. g4 {(01:00)} Bd7 {(00:13)} 6. f4 {(03:
17)} e6 {(04:30)} 7. Bd3 {(26:12)} c5 {(04:57)} 8. f5 {
(09:31)} Nc6 {(04:06)} 9. Nf3 {(01:14)} Nb4 {(09:
12)} 10. Nc3 {(08:45)} Ne7 {(16:34)} 11. dxc5 {(12:27)}
Nxd3+ {(07:27)} 12. Qxd3 {(00:30)} exf5 {(00:14)} 13. g5 {
(02:07)} Qa5 {(11:34)} 14. Be3 {(04:07)} Nc6 {(04:
13)} 15. gxh6 {(06:54)} gxh6 {(01:55)} 16. Qb5 {(00:17)}
Qxb5 {(08:48)} 17. Nxb5 {(01:09)} O-O-O {(04:03)} 18.
O-O-O {(05:45)} f4 {(03:38)} 19. Bxf4 {(03:15)} Bg4 {
(00:07)} 20. Rhf1 {(03:13)} Bxc5 {(00:16)} 21. Nd6+ {
(00:15)} Bxd6 {(02:40)} 22. exd6 {(00:04)} Be6 {(
01:51)} 23. Rg1 {(01:55)} Kd7 {(00:42)} 24. Rg7 {(00:45)}
Rdg8 {(02:07)} 25. Rdg1 {(00:32)} Rxg7 {(00:06)} 26. Rxg7
{(00:04)} a5 {(00:57)} 27. Kd2 {(03:16)} b5 {(00:
53)} 28. Ne1 {(01:38)} Nd4 {(03:41)} 29. Nd3 {(00:05)} Nf5
{(00:06)} 30. Nc5+ {(02:34)} Kc6 {(00:32)} 31. Nxe6 {
(00:09)} fxe6 {(00:33)} 32. Rc7+ {(00:43)} Kb6 {(
00:05)} 33. h5 {(01:48)} b4 {(01:42)} 34. Rf7 {(00:32)}
Kc6 {(00:14)} 35. Rc7+ {(00:04)} Kb6 {(00:10)} 36. Kd3 {
(01:33)} Re8 {(00:46)} 37. Rf7 {(00:19)} Kc6 {(00:
17)} 38. Rc7+ {(00:03)} Kb6 {(00:03)} 39. Rh7 {(01:11)}
Kc6 {(01:48)} 40. Ra7 {(00:00)} Kb6 {(00:00)} 41. Rh7 {
(09:28)} Kc6 {(06:49)} 42. d7 {(01:47)} Rd8 {(04:
02)} 43. Bxh6 {(00:29)} Nxh6 {(01:16)} 44. Rxh6 {(00:04)}
Kxd7 {(00:03)} 45. Rh7+ {(01:14)} Kd6 {(01:03)} 46. h6 {
(00:06)} Rf8 {(01:11)} 47. Ke3 {(04:33)} Rf6 {(02:
00)} 48. c3 {(01:04)} 1/2-1/2